AoeStats
← Mr. Housed

Black Forest

509907965Analyzed
2v2 RM · 5d ago on Sep 28, 2026· 44m 56s· 4 players
Game mode
Random Map
Map size
Medium (4 player)
Population
200
Speed
Normal
Resources
Standard
Victory
Conquest
Starting age
Dark Age
Ending age
Imperial Age
RankedLock teamsTeams togetherTeam positionsShared explorationLock speedFull tech treeHidden civsTurbo modeCheats
Victory
Defeat
🇩🇪 Jurchens · Germany
934
+18
🇩🇪 Burgundians · Germany
934
+18
🇹🇼 Aztecs · Taiwan
1010
-20
🇹🇼 Khmer · Taiwan
935
-16
Mr. Housed
1:31 Loom
12:21 Double-Bit Axe
14:29 Feudal Age
12:47 Horse Collar
18:29 Castle Age
16:39 Heavy Plow
17:54 Bow Saw
19:43 Crop Rotation
26:58 Wheelbarrow
28:01 Two-Man Saw
27:17 Town Watch
28:15 Stone Mining
28:41 Scale Barding Armor
29:53 Stone Shaft Mining
30:33 Hand Cart
35:27 Imperial Age
34:23 Gold Mining
35:03 Chain Barding Armor
34:54 Forging
36:02 Burgundian Vineyards
36:53 Caravan
38:02 Plate Barding Armor
38:03 Iron Casting
39:13 Elite Coustillier
41:26 Blast Furnace
45:14 Chemistry
44:25 Padded Archer Armor
Anton Chigurh (NCFOM)
1:13 Loom
13:27 Feudal Age
17:56 Castle Age
16:03 Stone Mining
16:23 Double-Bit Axe
16:44 Horse Collar
19:48 Wheelbarrow
21:58 Gold Mining
23:20 Bow Saw
23:18 Heavy Plow
33:29 Imperial Age
31:33 Masonry
31:09 Treadmill Crane
32:09 Hand Cart
32:20 Caravan
33:23 Pikeman
34:05 Squires
33:52 Arson
34:12 Scale Mail Armor
34:23 Forging
33:36 Heavy Rocket Cart
35:27 Fortified Wall
36:20 Chemistry
37:03 Conscription
37:32 Siege Engineers
37:48 Fortified Bastions
37:13 Halberdier
40:40 Chain Mail Armor
41:09 Iron Casting
john5458boy1314
1:35 Loom
12:36 Feudal Age
13:32 Double-Bit Axe
13:37 Horse Collar
15:54 Wheelbarrow
15:07 Town Watch
16:30 Wheelbarrow
16:04 Gold Mining
21:15 Castle Age
22:15 Heavy Plow
22:52 Gold Shaft Mining
22:07 Stone Mining
22:41 Bow Saw
26:05 Town Patrol
28:16 Ballistics
27:47 Heated Shot
28:34 Caravan
29:39 Hand Cart
32:01 Coinage
31:48 Padded Archer Armor
31:39 Fletching
31:49 Scale Mail Armor
31:59 Forging
32:05 Forging
32:00 Scale Barding Armor
36:42 Imperial Age
35:50 Bodkin Arrow
36:10 Leather Archer Armor
37:55 Elite Ballista Elephant
39:04 Conscription
40:15 Chemistry
39:20 Siege Engineers
39:51 Double Crossbow
45:58 Banking
imissyouyuki
0:32 Loom
12:01 Feudal Age
13:04 Double-Bit Axe
18:47 Castle Age
16:44 Horse Collar
16:59 Fletching
17:32 Arson
17:46 Gold Mining
19:29 Wheelbarrow
22:25 Hand Cart
22:46 Bow Saw
24:53 Heavy Plow
30:52 Forging
31:44 Treadmill Crane
31:34 Eagle Warrior
32:15 Squires
32:01 Gambesons
32:02 Crossbowman
33:36 Gold Shaft Mining
32:56 Stone Mining
36:27 Imperial Age
34:55 Iron Casting
34:21 Scale Mail Armor
35:08 Bodkin Arrow
35:13 Padded Archer Armor
35:39 Ballistics
36:43 Chain Mail Armor
36:33 Padded Archer Armor
36:28 Bodkin Arrow
37:28 Conscription
37:11 Atlatl
37:33 Garland Wars
37:56 Crop Rotation
36:58 Elite Eagle Warrior
38:31 Arrowslits
39:13 Pikeman
41:18 Blast Furnace
40:49 Plate Mail Armor
40:01 Elite Jaguar Warrior
44:28 Atlatl
Connection lost

Rejoining the realm…

Still unreachable

The connection could not be restored.

Session expired

The server has moved on; the page needs a fresh start.